 Dungeon Crawl Stone Soup version 0.31-a0-232-gb1c03b2570 (webtiles) character file.

Game seed: 14155916106236008817

1437 qw the Skirmisher (level 8, -7/49 HPs)
             Began as a Gargoyle Hexslinger on July 7, 2023.
             Was a Follower of Okawaru.
             Killed from afar by an acid dragon (24 damage)
             ... with a splash of acid
             ... on level 6 of the Dungeon.
             The game lasted 00:01:51 (4701 turns).

qw the Skirmisher (Gargoyle Hexslinger)             Turns: 4701, Time: 00:01:52

Health: -7/49      AC: 12    Str:  9    XL:     8   Next: 74%
Magic:  11/11      EV: 10    Int: 14    God:    Okawaru [*.....]
Gold:   296        SH:  0    Dex: 17    Spells: 8/9 levels left

rFire   . . .        d - +1 shortbow
rCold   . . .        (shield currently unavailable)
rNeg    + . .        g - +0 ring mail
rPois   inf          f - +2 helmet of the Stag {+Inv Str-3 Dex+3}
rElec   +            (no cloak)
rCorr   .            i - +0 pair of gloves
SInv    .            j - +0 pair of boots
Will    .....        (no amulet)
Stlth   +            (no ring)
HPRegen 0.28/turn    (no ring)
MPRegen 0.12/turn

%: no passive effects
@: corroded
A: sickness immunity, AC +5, negative energy resistance 1, electricity
resistance, torment resistance 1, petrification resistance
a: Renounce Religion, Evoke Invisibility, Heroism


You were on level 6 of the Dungeon.
You worshipped Okawaru.
Okawaru was aware of your devotion.
You visited 2 branches of the dungeon, and saw 7 of its levels.

You collected 296 gold pieces.


Innate Abilities, Weirdness & Mutations

You are immune to sickness and miasma.
Your stone body is resilient. (AC +5)
You are immune to poison.
You resist negative energy. (rN+)
You are resistant to electric shocks. (rElec)
You are resistant to unholy torment.
You are immune to petrification.


   Skills:
 - Level 5.0 Fighting
 + Level 8.5 Ranged Weapons
 - Level 2.2 Armour
 - Level 1.5 Dodging
 - Level 1.0 Spellcasting
 - Level 2.6 Hexes
 - Level 4.0 Invocations


You had 8 spell levels left.
You knew the following spells:

 Your Spells              Type           Power      Damage    Failure   Level
a - Slow                  Hex            32%        N/A       24%         1

Your spell library contained the following spells:

 Spells                   Type           Power      Damage    Failure   Level
 Inner Flame              Hex/Fire       4%         N/A       77%         3
 Portal Projectile        Hex/Tloc       8%         N/A       77%         3
 Cause Fear               Hex            4%         N/A       93%         4

Inventory:

Hand Weapons
 d - a +1 shortbow (weapon)
Armour
 f - the +2 helmet of the Stag (worn) {+Inv Str-3 Dex+3}
   (You acquired it on level 3 of the Dungeon)

   Str:       It affects your strength (-3).
   Dex:       It affects your dexterity (+3).
   +Inv:      It lets you turn invisible.
 g - a +0 ring mail (worn)
 i - a +0 pair of gloves (worn)
 j - a +0 pair of boots (worn)
Scrolls
 b - 2 scrolls of identify
Potions
 a - a potion of curing
 c - a potion of berserk rage {unknown}
 e - 2 potions of might
 h - a potion of cancellation {unknown}
 l - a potion of haste

Dungeon Overview and Level Annotations

Branches:
Dungeon (6/15)             Temple (1/1) D:4

Altars:
Dithmenos
Elyvilon
Gozag
Hepliaklqana
Kikubaaqudgha
Makhleb
Nemelex Xobeh
Okawaru
Qazlal
Ru
Sif Muna
Trog
Uskayaw
Vehumet
Wu Jian
Xom
Yredelemnul
Zin
The Shining One


Message History

The iguana is heavily wounded.
You shoot an arrow. The arrow hits the iguana.
The iguana is almost dead.
You shoot an arrow. The arrow hits the iguana.
You kill the iguana!
Okawaru accepts your kill.
Found an escape hatch in the floor.
Enter note:
b - 2 scrolls of identify (gained 1)
An acid dragon comes into view.
The acid dragon roars!
The acid dragon spits acid at you. The splash of acid misses you.
Enter note: You shoot an arrow.
The arrow barely misses the acid dragon.
You shoot an arrow. The arrow hits the acid dragon.
The acid dragon is lightly wounded.
The acid dragon spits acid at you. The splash of acid hits you.
You shoot an arrow.
The arrow closely misses the acid dragon.
You shoot an arrow. The arrow hits the acid dragon.
The acid dragon is moderately wounded.
The acid dragon spits acid at you. The splash of acid hits you.
4696 ||| FLEEEEING.
4697 ||| FLEEEEING.
The acid dragon spits acid at you. The splash of acid hits you!!
Ouch! That really hurt!
The acid corrodes you!
Enter note:
4698 ||| FLEEEEING.
4699 ||| FLEEEEING.
4700 ||| FLEEEEING.
4701 ||| FLEEEEING.
The acid dragon spits acid at you. The splash of acid hits you!!
You die...

.... .. ... ... .. ###.#
.####...###### #..............
#..............
#..............
#........>..... ###
##@............. #.#
######........D.....# ###'####
#....................
.......###.#####..............
.....#.....#####..............
..#.###.#>..............#####.
..#.# #.###############.#
..#.# #.# .# ..#.# ... .#


You could see an acid dragon (catching breath).

Vanquished Creatures
  Sigmund (D:5)
  A vampire (D:5)
  Menkaure (D:4)
  Duvessa (D:4)
  A black bear (D:5)
  2 ice beasts
  An ogre (D:4)
  A centaur (D:5)
  2 scorpions
  Dowan (D:4)
  An orc priest (D:5)
  A hound (D:5)
  A jelly (D:5)
  Natasha (thrice) (D:4)
  An iguana (D:6)
  2 orc wizards (D:5)
  2 adders
  An ufetubus (D:4)
  2 worms (D:2)
  2 dart slugs (D:1)
  2 orcs
  5 ball pythons
  2 endoplasms (D:2)
  4 giant cockroaches
  4 hobgoblins
  6 jackals (D:4)
  2 quokkas
  9 bats
  3 frilled lizards
  6 goblins
  8 kobolds
  3 rats
82 creatures vanquished.

Notes
Turn   | Place    | Note
-------+----------+-------------------------------------------
     0 | D:1      | qw the Gargoyle Hexslinger began the quest for the Orb.
     0 | D:1      | Reached XP level 1. HP: 12/12 MP: 2/2
     0 | D:1      | 0 ||| qw: Version: 0.3-a-46-gb1f654a
     0 | D:1      | 0 ||| qw: Game counter: 2878
     0 | D:1      | 0 ||| qw: Melee chars always use a shield: true
     0 | D:1      | 0 ||| qw: God list: Okawaru
     0 | D:1      | 0 ||| qw: Allow faded altars: false
     0 | D:1      | 0 ||| qw: Do Orc after clearing Dungeon:15 true
     0 | D:1      | 0 ||| qw: Do second Lair branch before Depths: true
     0 | D:1      | 0 ||| qw: Lair rune preference: random
     0 | D:1      | 0 ||| qw: Goals: Normal
     0 | D:1      | 0 ||| PLANNING D:1-11
   261 | D:1      | 261 ||| FLEEEEING.
   262 | D:1      | 262 ||| FLEEEEING.
   286 | D:1      | Reached XP level 2. HP: 13/16 MP: 3/3
   384 | D:1      | Reached skill level 3 in Ranged Weapons
   387 | D:1      | 387 ||| FLEEEEING.
   388 | D:1      | 388 ||| FLEEEEING.
   754 | D:1      | 754 ||| UPGRADING to +0 pair of boots.
   759 | D:1      | 759 ||| DROPPING ring of flight.
   760 | D:1      | 760 ||| READING scroll labelled JOFAOZ ME AXU.
   761 | D:1      | 761 ||| READING scroll labelled FEMITW QISH.
   762 | D:1      | 762 ||| DRINKING 2 brown potions.
   763 | D:1      | 763 ||| DRINKING 2 ruby potions.
   764 | D:1      | 764 ||| DRINKING 2 amethyst potions.
   765 | D:1      | 765 ||| DROPPING scroll of poison.
   766 | D:1      | 766 ||| DROPPING potion of brilliance.
   822 | D:2      | Reached XP level 3. HP: 21/21 MP: 4/4
  1152 | D:2      | Found a basalt altar of Yredelemnul.
  1164 | D:2      | You fall into a shaft and drop 2 floors!
  1180 | D:4      | 1180 ||| UPGRADING to +0 ring mail.
  1190 | D:4      | 1190 ||| DROPPING +0 robe.
  1191 | D:4      | 1191 ||| UPGRADING to +0 pair of gloves.
  1196 | D:4      | 1196 ||| READING scroll labelled ASEOMI FIGU.
  1220 | D:3      | Reached skill level 1 in Armour
  1523 | D:2      | 1523 ||| DRINKING 2 blue potions.
  1524 | D:2      | 1524 ||| READING 2 scrolls of identify.
  1524 | D:2      | 1524 ||| IDENTIFYING pink potion
  1611 | D:3      | Reached XP level 4. HP: 26/26 MP: 5/5
  1972 | D:3      | Found a faded altar of an unknown god.
  2209 | D:3      | 2209 ||| READING 2 scrolls labelled WOLOUJE SUHE.
  2310 | D:3      | 2310 ||| READING scroll labelled CAPPIO OKO FAN.
  2311 | D:3      | 2311 ||| READING 2 scrolls labelled KOYRGHE KIESH.
  2314 | D:3      | 2314 ||| READING scroll labelled AQILOARPHAKO.
  2315 | D:3      | 2315 ||| READING scroll labelled FAISEHYMIN.
  2316 | D:3      | 2316 ||| READING scroll labelled KURUNA LUOFUK.
  2317 | D:3      | 2317 ||| READING scroll labelled JETRUL MOTIY.
  2317 | D:3      | Identified a scroll of acquirement
  2317 | D:3      | 2317 ||| ACQUIRING +2 helmet of the Stag {+Inv Str-3 Dex+3}
  2317 | D:3      | Acquired the +2 helmet of the Stag {+Inv Str-3 Dex+3}
  2319 | D:3      | 2319 ||| UPGRADING to +2 helmet of the Stag {+Inv Str-3
                  | Dex+3}.
  2324 | D:3      | 2324 ||| DROPPING scroll of silence.
  2449 | D:4      | Noticed Menkaure
  2454 | D:4      | Killed Menkaure
  2455 | D:4      | Reached skill level 5 in Ranged Weapons
  2455 | D:4      | Reached XP level 5. HP: 30/30 MP: 6/6
  2583 | D:4      | Noticed Natasha
  2592 | D:4      | Killed Natasha
  2593 | D:4      | Reached XP level 6. HP: 36/36 MP: 7/7
  2598 | D:4      | Noticed Duvessa
  2600 | D:4      | Noticed Dowan
  2614 | D:4      | Killed Duvessa
  2624 | D:4      | Killed Dowan
  2709 | D:4      | Noticed an ice beast
  2719 | D:4      | 2719 ||| STAIRDANCE
  2722 | D:3      | Killed an ice beast
  2723 | D:3      | Reached skill level 6 in Ranged Weapons
  2723 | D:3      | Reached XP level 7. HP: 33/43 MP: 8/8
  2759 | D:3      | 2759 ||| READING scroll labelled CAWEUTWU VAROS.
  2760 | D:3      | 2760 ||| READING 2 scrolls of identify.
  2760 | D:3      | 2760 ||| IDENTIFYING bubbling dark potion
  2761 | D:3      | 2761 ||| DROPPING potion of attraction.
  2927 | D:4      | Found a staircase to the Ecumenical Temple.
  2928 | D:4      | 2928 ||| PLANNING TEMPLE
  2931 | D:4      | 2931 ||| READING scroll labelled LOIKAES MUGU.
  2937 | Temple   | Entered the Ecumenical Temple
  2984 | Temple   | 2984 ||| PLANNING OKAWARU WORSHIP
  3031 | Temple   | Became a worshipper of Warmaster Okawaru
  3032 | Temple   | 3032 ||| PLANNING D:1-11
  3272 | D:4      | Noticed Natasha
  3280 | D:4      | Killed Natasha
  3301 | D:4      | Noticed Natasha
  3303 | D:4      | Killed Natasha
  3477 | D:5      | Entered Level 5 of the Dungeon
  3482 | D:5      | 3482 ||| STAIRDANCE
  3551 | D:5      | 3551 ||| STAIRDANCE
  3563 | D:4      | HP: 10/43 [iguana (7)]
  3564 | D:4      | 3564 ||| READING scroll of teleportation.
  3564 | D:4      | HP: 4/43 [iguana (5)]
  3565 | D:4      | 3565 ||| DRINKING potion of heal wounds.
  3678 | D:5      | Noticed Sigmund
  3685 | D:5      | Killed Sigmund
  3685 | D:5      | Reached * piety under Okawaru
  3686 | D:5      | Reached skill level 7 in Ranged Weapons
  3746 | D:5      | 3746 ||| INVOKING Heroism.
  3748 | D:5      | Reached XP level 8. HP: 48/48 MP: 6/9
  3829 | D:5      | Reached skill level 1 in Invocations
  3879 | D:5      | Reached skill level 8 in Ranged Weapons
  3921 | D:5      | 3921 ||| SWAPPING to +0 shortbow.
  3922 | D:5      | 3922 ||| DROPPING +2 sling of freezing.
  3936 | D:5      | Noticed a vampire
  3943 | D:5      | 3943 ||| INVOKING Heroism.
  3948 | D:5      | HP: 12/48 [something (4)]
  3953 | D:5      | HP: 8/48 [something (2)]
  3957 | D:5      | Killed a vampire
  3958 | D:5      | Reached skill level 3 in Invocations
  4127 | D:5      | 4127 ||| INVOKING Heroism.
  4243 | D:5      | 4243 ||| READING scroll of enchant weapon.
  4243 | D:5      | 4243 ||| ENCHANTING +0 shortbow.
  4325 | D:5      | 4325 ||| INVOKING Heroism.
  4616 | D:6      | 4616 ||| PLANNING SEWER
  4696 | D:6      | 4696 ||| FLEEEEING.
  4697 | D:6      | 4697 ||| FLEEEEING.
  4698 | D:6      | 4698 ||| FLEEEEING.
  4699 | D:6      | 4699 ||| FLEEEEING.
  4700 | D:6      | 4700 ||| FLEEEEING.
  4701 | D:6      | 4701 ||| FLEEEEING.
  4701 | D:6      | Killed from afar by an acid dragon

Levels and vault maps discovered:
D:1:      psy_arrival_whirlpool, layout_basic
D:2:      cheibrodos_old_hovel, layout_loops_cross, basic_altar,
          minmay_pentomino_v4
D:3:      layout_loops_cross, basic_ecumenical_altar
D:4:      layout_basic, minmay_temple_entry_enclosed_plants,
          kennysheep_flooded_box, uniq_menkaure, uniq_duvessa, uniq_natasha
D:5:      layout_rooms, nrook_mini_backslash, uniq_sigmund
D:6:      layout_basic, mainiacjoe_overflow_alcove_2,
          cheibrodos_sewer_entry_drain, grunt_decor_fettered
Temple:   compressed_dpeg_circular_temple

Skill      XL: |  1  2  3  4  5  6  7  8 |
---------------+-------------------------+-----
Ranged Weapons | 3 5 6 7 8 |  8.5
Fighting       | 2 4 5 |  5.0
Armour         | 1 2 |  2.2
Invocations    | 4 |  4.0
Dodging        | |  1.5
Spellcasting   | |  1.0
Hexes          | |  2.6

Action                     |  1- 3 |  4- 6 |  7- 9 || total
---------------------------+-------+-------+-------++-------
   Fire: Sling             |   115 |    84 |   117 ||   316
         Shortbow          |       |       |    92 ||    92
 Invoke: Heroism           |       |       |     4 ||     4
    Use: Potion            |     4 |       |     1 ||     5
         Scroll            |     4 |     7 |     5 ||    16
 Armour: Robe              |    12 |       |       ||    12
         Ring mail         |    12 |    25 |   155 ||   192
  Dodge: Dodged            |    25 |    19 |   155 ||   199

Table legend:
 A = Non-vault XP
 B = Vault XP
 C = Vault XP percentage of total XP
 D = Non-vault monster count
 E = Vault monster count
 F = Vault count percentage of total count
                 A         B        C        D         E       F
            +---------+---------+-------+---------+---------+-------
      Total |    1402 |     652 |  31.7 |      71 |      11 |  13.4
            +---------+---------+-------+---------+---------+-------
        D:1 |      33 |       0 |   0.0 |      19 |       0 |   0.0
        D:2 |      24 |      10 |  29.4 |      12 |       6 |  33.3
        D:3 |     149 |       0 |   0.0 |       7 |       0 |   0.0
        D:4 |     323 |     416 |  56.3 |      20 |       4 |  16.7
        D:5 |     836 |     226 |  21.3 |      12 |       1 |   7.7
        D:6 |      37 |       0 |   0.0 |       1 |       0 |   0.0
            +---------+---------+-------+---------+---------+-------
